 Dungeon Crawl Stone Soup version 0.28-a0-796-gd4f0d3f9b2 (webtiles) character file.

Game seed: 5606912734176698314

283 Malachi the Ruffian (level 6, -1/61 HPs)
             Began as a Troll Monk on Nov 6, 2021.
             Was a Plaything of Xom.
             Slain by an orc (4 damage)
             ... on level 4 of the Dungeon.
             The game lasted 00:02:42 (2633 turns).

Malachi the Ruffian (Troll Monk)                    Turns: 2633, Time: 00:02:43

Health: -1/61      AC:  4    Str: 22    XL:     6   Next: 7%
Magic:  0/5        EV:  6    Int:  6    God:    Xom [.....*]
Gold:   178        SH: 10    Dex: 12    Spells: 5/5 levels left

rFire   . . .      SeeInvis .     - Unarmed
rCold   . . .      Faith    .   e - +0 tower shield
rNeg    . . .      Spirit   +   a - +0 robe
rPois   .          Reflect  .   (helmet restricted)
rElec   .          Harm     .   (no cloak)
rCorr   .          Rampage  .   (gloves unavailable)
Will    .....                   (boots unavailable)
Stlth   ++........              k - amulet of guardian spirit
HPRegen 1.20/turn               (no ring)
MPRegen 0.09/turn               (no ring)

@: no status effects
A: large, unfitting armour, claws 3, regeneration 1, shaggy fur 1, tough skin 1
a: Renounce Religion


You were on level 4 of the Dungeon.
You worshipped Xom.
You were Xom's teddy bear.
You visited 1 branch of the dungeon, and saw 4 of its levels.

You collected 178 gold pieces.

Inventory:

Armour
 a - a +0 robe (worn)
 e - a +0 tower shield (worn)
Jewellery
 k - an amulet of guardian spirit (around neck)
Wands
 l - a wand of paralysis (23)
 p - a wand of flame (12)
Scrolls
 b - 2 scrolls of magic mapping {unknown}
 c - 2 scrolls of fear {unknown}
 d - 2 scrolls of teleportation {unknown}
 f - a scroll of noise {unknown}
 h - 2 scrolls of identify {unknown}
 i - 3 scrolls of enchant armour {unknown}
 j - a scroll of immolation {unknown}
 q - a scroll of torment {unknown}
Potions
 m - a potion of cancellation {unknown}
 n - a potion of ambrosia {unknown}
 o - a potion of magic {unknown}


   Skills:
 + Level 3.0 Fighting
 + Level 3.5 Dodging
 + Level 1.4 Stealth
 + Level 0.9 Shields
 + Level 5.0 Unarmed Combat


You had 5 spell levels left.
You didn't know any spells.
Your spell library contained the following spells:

 Spells                   Type           Power      Damage    Failure   Level
 Gell's Gravitas          Tloc           0%         N/A       100%        3
 Teleport Other           Tloc           0%         N/A       100%        3
 Dispersal                Tloc           0%         N/A       100%        6


Dungeon Overview and Level Annotations

Branches:
Dungeon (4/15)
 Temple: D:4-7

Altars:
Xom

Shops:
D:1 [


Innate Abilities, Weirdness & Mutations

You are too large for most types of armour.
You have claws for hands.
Your natural rate of healing is unusually fast.
You are covered in fur. (AC +1)
You have tough skin. (AC +1)


Message History

You are more poisoned.
The scorpion poisons you! You block the orc's attack.
You block the scorpion's attack.
Your Unarmed Combat skill increases to level 5!
You have reached level 6!
Your experience leads to an increase in your attributes!
Increase (S)trength, (I)ntelligence, or (D)exterity?
You feel stronger. x2
You are too injured to fight recklessly!
You are too injured to fight recklessly!
You are too injured to fight recklessly!
You are too injured to fight recklessly!
You are too injured to fight recklessly!
You are too injured to fight recklessly!
You closely miss the scorpion.
You feel very sick. The scorpion stings you.
The orc hits you but does no damage. You block the scorpion's attack.
You block the orc's attack.
You scratch the scorpion but do no damage.
You feel sick. The scorpion stings you!
* * * LOW HITPOINT WARNING * * *
You block the orc's attack.
You scratch the scorpion.
The scorpion is moderately wounded.
You feel sick. The scorpion stings you.
* * * LOW HITPOINT WARNING * * *
You are more poisoned.
The scorpion poisons you! The orc hits you with a +0 hand axe.
* * * LOW HITPOINT WARNING * * *
The scorpion stings you.
* * * LOW HITPOINT WARNING * * *
You are more poisoned.
The scorpion poisons you!
It was a potion of curing.
You feel better.
Xom roars with laughter!
The scorpion stings you!
* * * LOW HITPOINT WARNING * * *
The orc hits you with a +0 hand axe.
You die...
Xom giggles madly!

#..........######....
##...........#....(..
#.....#.##.........#
##..###......)..####
######..).......###
##..........)..###
###.....##.........#
##........####.......
#...@.....# ###.....
#..o)s....# ####..
#.........$# ###
#...........# #
#............
#..........#>
#.........##
#.......<##


You could see a scorpion and an orc.

Vanquished Creatures
  An orc priest (D:4)
  Natasha (twice) (D:2)
  An orc wizard (D:2)
  A hound skeleton (D:4)
  4 gnolls (D:3)
  5 adders
  An ufetubus (D:4)
  An adder skeleton (D:4)
  2 worms
  2 dart slugs
  5 orcs
  5 endoplasms
  7 giant cockroaches
  8 goblins
  2 hobgoblins (D:1)
  4 jackals (D:4)
  8 kobolds
  A quokka (D:1)
  2 ball pythons (D:1)
  4 bats
  4 rats
70 creatures vanquished.

Notes
Turn   | Place    | Note
-------+----------+-------------------------------------------
     0 | D:1      | Malachi the Troll Monk began the quest for the Orb.
     0 | D:1      | Reached XP level 1. HP: 22/22 MP: 0/0
    34 | D:1      | You fall into a shaft and drop 1 floor!
   112 | D:2      | Reached XP level 2. HP: 29/29 MP: 1/1
   270 | D:2      | Noticed Natasha
   276 | D:2      | Killed Natasha
   277 | D:2      | Reached XP level 3. HP: 36/36 MP: 2/2
   318 | D:2      | Found a faded altar of an unknown god.
   399 | D:2      | Reached XP level 4. HP: 44/44 MP: 3/3
   485 | D:2      | Reached skill level 4 in Unarmed Combat
   736 | D:2      | Noticed Natasha
   748 | D:2      | Killed Natasha
   805 | D:1      | Found Unnuy's Antique Armour Emporium.
   894 | D:1      | Reached XP level 5. HP: 53/53 MP: 4/4
  1210 | D:2      | Prayed at the altar of an unknown god.
  1210 | D:2      | Became a worshipper of Xom the Fickle
  1761 | D:3      | XOM: 3-stop teleportation journey
  1844 | D:3      | XOM: silly message
  2035 | D:3      | XOM: silly message
  2222 | D:4      | XOM: silly message
  2630 | D:4      | Reached skill level 5 in Unarmed Combat
  2630 | D:4      | Reached XP level 6. HP: 28/61 MP: 3/5
  2633 | D:4      | HP: 3/61 [scorpion (8)]
  2633 | D:4      | Slain by an orc

Illustrated notes

Levels and vault maps discovered:
D:1:      minmay_arrival_statue_studded, layout_rooms, serial_shops,
          shop_fountains
D:2:      layout_loops_ring, serial_bayou, serial_bayou_shore_b,
          serial_bayou_pond_b, serial_bayou_pond_e, serial_bayou_shore_a,
          serial_bayou_pond_e, basic_ecumenical_altar, uniq_natasha
D:3:      layout_basic
D:4:      layout_cave_pods, uniq_menkaure

Skill      XL: |  1  2  3  4  5 |
---------------+----------------+-----
Dodging        | 3 |  3.5
Unarmed Combat | 4 5 |  5.0
Fighting       | 3 |  3.0
Stealth        | |  1.4
Shields        | |  0.9

Action                   |  1- 3 |  4- 6 || total
-------------------------+-------+-------++-------
Melee: Unarmed           |    36 |   156 ||   192
       Punch             |       |     1 ||     1
  Use: Potion            |       |     1 ||     1
 Stab: Sleeping          |     2 |     2 ||     4
Armor: Robe              |     8 |    54 ||    62
Dodge: Dodged            |    27 |    39 ||    66
Block: Tower shield      |       |    60 ||    60

Table legend: (Time is in decaauts)
 A = Elapsed time spent in this place.
 B = Non-inter-level travel time spent in this place.
 C = Inter-level travel time spent in this place.
 D = Time resting spent in this place.
 E = Time spent auto-exploring this place.
 F = Levels seen in this place.
 G = Mean time per level.
                   A        B        C        D        E       F      G
               +--------+--------+--------+--------+--------+-----+--------+
         Total |   2685 |   2540 |    145 |    111 |   1877 |   4 |  671.2 |
       Dungeon |   2685 |   2540 |    145 |    111 |   1877 |   4 |  671.2 |
               +--------+--------+--------+--------+--------+-----+--------+

Top non-repeatable levels by time:
     D:3: 944 daAuts
     D:2: 828 daAuts
     D:4: 481 daAuts
     D:1: 432 daAuts
